 Dungeon Crawl Stone Soup version 0.30-a0-570-g486de37d69 (webtiles) character file.

Game seed: 3626885537509391127

137 Bnni the Vexing (level 5, -3/37 (38) HPs)
             Began as a Formicid Hexslinger on Dec 28, 2022.
             Killed by divine providence
             ... invoked by an orc priest
              (7 damage)
             ... on level 3 of the Dungeon on Dec 29, 2022.
             The game lasted 00:04:52 (2010 turns).

Bnni the Vexing (Formicid Hexslinger)               Turns: 2010, Time: 00:04:53

HP:   -3/37 (38)    AC:  5    Str: 14    XL:     5   Next: 43%
MP:   1/7           EV: 11    Int: 15    God:
Gold: 77            SH:  0    Dex: 14    Spells: 3/7 levels left

rFire   + . .      SeeInvis +    a - +1 sling
rCold   . . .      Faith    .    (no shield)
rNeg    . . .      Spirit   .    h - +2 leather armour of Xeiclexu {rF+}
rPois   .          Reflect  .    (helmet unavailable)
rElec   .          Harm     .    (no cloak)
rCorr   .          Rampage  .    (no gloves)
Will    .....                    (no boots)
Stlth   +                        (no amulet)
HPRegen 0.26/turn                f - ring of flight
MPRegen 0.10/turn                (no ring)

@: flying, lightly drained, invisible
A: permanent stasis, dig shafts and tunnels, antennae 3, four strong arms
a: Dig, Shaft Self


You were on level 3 of the Dungeon.
You visited 1 branch of the dungeon, and saw 3 of its levels.

You collected 113 gold pieces.
You spent 36 gold pieces at shops.

Inventory:

Hand Weapons
 a - a +1 sling (weapon)
 e - a +1 hand axe of electrocution
Missiles
 p - 3 poisoned darts
Armour
 h - the +2 leather armour of Xeiclexu (worn) {rF+}
   (You took it off an orc on level 3 of the Dungeon)

   rF:        It protects you from fire.
Jewellery
 f - a ring of flight (left hand)
Scrolls
 b - 2 scrolls of poison
 d - 2 scrolls of enchant armour {unknown}
 i - a scroll of immolation
 l - a scroll of enchant weapon
 o - a scroll of fear
Potions
 k - a potion of cancellation
 m - a potion of curing


   Skills:
 + Level 2.0 Fighting
 * Level 3.1 Ranged Weapons
 + Level 0.5 Armour
 - Level 1.7 Dodging
 + Level 1.7 Spellcasting
 * Level 4.9 Hexes
 + Level 1.5 Fire Magic


You had 3 spell levels left.
You knew the following spells:

 Your Spells              Type           Power      Damage    Failure   Level
a - Slow                  Hex            64%        N/A       3%          1
b - Inner Flame           Hex/Fire       10%        N/A       24%         3

Your spell library contained the following spells:

 Spells                   Type           Power      Damage    Failure   Level
 Freeze                   Ice            4%         1d3       28%         1
 Portal Projectile        Hex/Tloc       16%        N/A       32%         3
 Frozen Ramparts          Ice            2%         1d1       65%         3
 Hailstorm                Conj/Ice       1%         3d3       65%         3
 Cause Fear               Hex            8%         N/A       36%         4


Dungeon Overview and Level Annotations

Branches:
Dungeon (3/15)

Altars:

Shops:
D:2 *


Innate Abilities, Weirdness & Mutations

You cannot be hasted, slowed, berserked, paralysed or teleported.
You can dig through walls and to a lower floor.
You have a pair of large antennae on your head. (SInv)
Your four strong arms can wield two-handed weapons with a shield.


Message History

You shoot a sling bullet.
The sling bullet barely misses the orc priest.
The giant cockroach misses you.
The orc priest hits you but does no damage.
The giant cockroach bites you but does no damage.
You fade into invisibility!
The orc priest barely misses you. The giant cockroach barely misses you.
Fire: a) +1 sling
Press: ? - help, Shift-Dir - straight line, f/p - orc priest
Aim: an orc priest, wielding a +0 club and wearing a +0 leather armour (severely wounded, unable to see you, 59% to hit)
You shoot a sling bullet.
The sling bullet barely misses the orc priest.
The giant cockroach closely misses you. The orc priest barely misses you.
Fire: a) +1 sling
Press: ? - help, Shift-Dir - straight line, f/p - orc priest
Aim: an orc priest, wielding a +0 club and wearing a +0 leather armour (severely wounded, unable to see you, 59% to hit)
You shoot a sling bullet.
The sling bullet closely misses the orc priest.
The giant cockroach bites you but does no damage.
The giant cockroach closely misses you. The orc priest hits you with a +0 club.
* * * LOW HITPOINT WARNING * * *
Fire: a) +1 sling
Press: ? - help, Shift-Dir - straight line, f/p - orc priest
Aim: an orc priest, wielding a +0 club and wearing a +0 leather armour (severely wounded, unable to see you, 59% to hit)
You shoot a sling bullet. The sling bullet hits the orc priest.
The orc priest is severely wounded.
The giant cockroach closely misses you.
The orc priest invokes the aid of Beogh against you.
Pain shoots through your body!
* * * LOW HITPOINT WARNING * * *
The giant cockroach barely misses you.
Fire: a) +1 sling
Press: ? - help, Shift-Dir - straight line, f/p - orc priest
Aim: an orc priest, wielding a +0 club and wearing a +0 leather armour (severely wounded, unable to see you, 59% to hit)
You shoot a sling bullet.
The sling bullet hits the giant cockroach.
The giant cockroach is lightly wounded.
The orc priest calls down the wrath of Beogh upon you.
Beogh smites you!
You die...

......)..#
#######..#
#..# #..#
##### #..#
##).<##
######..#
####.....#####
#.......#
..............
#.#####.#
.##.......####
#@#
#.#...#.###
#.#####B#
#.##...#.^#
..)....o# #
####.#.#
.)).....#
#.#.#
#)####.##
#.#.# #. #.#.#
#. #.#.# ..
..#.# #.
.######.##


You could see an orc priest (unable to see you) and a giant cockroach (unable to
see you).

Vanquished Creatures
  An orc priest (D:3)
  Terence (D:1)
  3 worms
  11 orcs (D:3)
  5 ball pythons
  2 endoplasms
  4 giant cockroaches
  5 goblins
  4 hobgoblins
  6 jackals
  4 kobolds
  A quokka (D:1)
  5 bats
  A frilled lizard (D:3)
  6 rats
59 creatures vanquished.

Notes
Turn   | Place    | Note
-------+----------+-------------------------------------------
     0 | D:1      | Bnni the Formicid Hexslinger began the quest for the Orb.
     0 | D:1      | Reached XP level 1. HP: 15/15 MP: 2/2
     0 | D:1      | Upgraded the game from 0.30-a0-561-g1b0378597e to
                  | 0.30-a0-570-g486de37d69
   233 | D:1      | Reached XP level 2. HP: 21/21 MP: 3/3
   533 | D:1      | Reached skill level 4 in Hexes
   563 | D:1      | Reached XP level 3. HP: 26/26 MP: 3/5
   567 | D:1      | Learned a level 3 spell: Inner Flame
   846 | D:2      | Noticed Terence
   899 | D:1      | Killed Terence
   900 | D:1      | Reached skill level 1 in Fire Magic
   900 | D:1      | Reached XP level 4. HP: 16/33 MP: 2/6
  1027 | D:2      | Found a faded altar of an unknown god.
  1308 | D:2      | Found Wiwal's General Store.
  1539 | D:2      | Bought a potion of curing for 36 gold pieces
  1864 | D:3      | Identified the +2 leather armour of Xeiclexu {rF+}
  1878 | D:3      | Reached XP level 5. HP: 22/34 MP: 7/7
  2010 | D:3      | Killed from afar by an orc priest

Illustrated notes

Levels and vault maps discovered:
D:1:      mrwooster_arrival_statue_3, layout_loops_ring
D:2:      layout_rooms, chequers_ecumenical_altar_simple, serial_shops, shop,
          uniq_terence
D:3:      layout_loops_ring, kennysheep_cross_bottleneck, hangedman_glass_teeth

Skill      XL: |  1  2  3  4  5 |
---------------+----------------+-----
Hexes          | 4 |  4.9
Fire Magic     | 1 |  1.5
Ranged Weapons | 3 |  3.1
Fighting       | 2 |  2.0
Armour         | |  0.5
Dodging        | |  1.7
Spellcasting   | |  1.7

Action                   |  1- 3 |  4- 6 || total
-------------------------+-------+-------++-------
 Fire: Sling             |   115 |   102 ||   217
 Cast: Slow              |     5 |     4 ||     9
       Inner Flame       |     1 |     2 ||     3
 Abil: Dig               |       |     1 ||     1
  Use: Scroll            |       |     8 ||     8
       Potion            |       |     1 ||     1
Armor: Robe              |    17 |     5 ||    22
       Leather armour    |       |     7 ||     7
Dodge: Dodged            |    42 |    33 ||    75

Table legend: (Time is in decaauts)
 A = Elapsed time spent in this place.
 B = Non-inter-level travel time spent in this place.
 C = Inter-level travel time spent in this place.
 D = Time resting spent in this place.
 E = Time spent auto-exploring this place.
 F = Levels seen in this place.
 G = Mean time per level.
                   A        B        C        D        E       F      G
               +--------+--------+--------+--------+--------+-----+--------+
         Total |   2071 |   1896 |    175 |    159 |   1243 |   3 |  690.3 |
       Dungeon |   2071 |   1896 |    175 |    159 |   1243 |   3 |  690.3 |
               +--------+--------+--------+--------+--------+-----+--------+

Top non-repeatable levels by time:
     D:1: 959 daAuts
     D:2: 670 daAuts
     D:3: 442 daAuts
